 Dungeon Crawl Stone Soup version 0.21.1-1-g345015f (console) character file.

128 fly the Grave Robber (level 4, 0/36 HPs)
             Began as a Deep Dwarf Necromancer on May 17, 2018.
             Slain by a gnoll
             ... wielding a +0 spear
              (6 damage)
             ... on level 4 of the Dungeon on May 22, 2018.
             The game lasted 00:05:45 (2814 turns).

fly the Grave Robber (Deep Dwarf Necromancer)       Turns: 2814, Time: 00:05:46

Health: 0/36       AC:  3    Str: 12    XL:     4   Next: 87%
Magic:  4/8        EV: 12    Int: 16    God:
Gold:   230        SH:  0    Dex: 13    Spells: 5/9 levels left

rFire    . . .     SeeInvis .   a - +2 trident (pierce)
rCold    . . .     Gourm    .   (no shield)
rNeg     . . .     Faith    .   y - +0 robe
rPois    .         Spirit   .   e - +0 helmet
rElec    .         Reflect  .   (no cloak)
rCorr    .         Harm     .   (no gloves)
MR       .....                  (no boots)
Stlth    ++........             (no amulet)
HPRegen  0.00/turn              (no ring)
MPRegen  0.11/turn              (no ring)

@: non-regenerating
A: damage resistance, heal wounds, sense surroundings 1, no regeneration
a: Heal Wounds


You were on level 4 of the Dungeon.
You were not hungry.

You visited 1 branch of the dungeon, and saw 4 of its levels.

You collected 230 gold pieces.

Inventory:

Hand Weapons
 a - a +2 trident of piercing (weapon)
Armour
 e - a +0 helmet (worn)
 y - a +0 robe (worn)
Scrolls
 g - 2 scrolls of teleportation
 j - 2 scrolls of identify
Potions
 d - a potion of haste {unknown}
 f - a potion of ambrosia {unknown}
 h - a potion of agility {unknown}
 i - a potion of mutation {unknown}
Books
 b - a book of Necromancy

   Spells                             Type                      Level
   a - Pain                           Necromancy                   1
   b - Animate Skeleton               Necromancy                   1
   c - Vampiric Draining              Necromancy                   3
   d - Regeneration                   Charms/Necromancy            3
   e - Animate Dead                   Necromancy                   4
   f - Borgnjor's Vile Clutch         Necromancy/Earth             5
Comestibles
 c - 6 rations
 k - 2 chunks of flesh


   Skills:
 + Level 2.1 Dodging
 - Level 2.4 Stealth
 - Level 3.0 Spellcasting
 - Level 6.0 Necromancy


You had 5 spell levels left.
You knew the following spells:

 Your Spells              Type           Power        Failure   Level  Hunger
v - Vampiric Draining     Necr           ###.......   4%          3    ###....
z - Pain                  Necr           ###.         1%          1    #......


Dungeon Overview and Level Annotations

Branches:
Dungeon (4/15)
 Temple: D:4-7

Altars:
Fedhas
Qazlal

Annotations:
D:3 Natasha


Innate Abilities, Weirdness & Mutations

You are resistant to damage.
You can heal yourself by infusing magical energy.
You passively map a small area around you.
You do not regenerate.


Message History

Aim: a gnoll, wielding a spear (chance to defeat MR: 86%)
The gnoll writhes in agony!
The gnoll shouts!
The gnoll hits you from afar with a spear.
The gnoll hits you with a spear. The gnoll barely misses you.
Casting: Pain
Confirm with . or Enter, or press ? or * to list all spells.
Aiming: Vampiric Draining
Press: ? - help, Shift-Dir - straight line, f/p - gnoll
Aim: a gnoll, wielding a spear (heavily wounded)
You kill the gnoll!
Your Necromancy skill increases to level 6!
You feel life coursing into your body.
The gnoll hits you from afar with a spear.
The gnoll hits you from afar with a spear!
Unknown command.
The gnoll hits you with a spear!
* * * LOW HITPOINT WARNING * * *
The gnoll hits you with a spear!
You die...

#. ...♣,,.P..
#######.####..♣♣♣....
##.....#.......P.♣P...
##.............#.......
#......................
#......................
#..................<...
#......................
#....g@.%..............
##...g)................
##....................
######.###........)..
#.# #...#.......
#.###.#.##......
#.#...#.........
#.#.#...........
#...#......§..≈.


You could see 2 gnolls.

Vanquished Creatures
  A worker ant (D:4)
  A gnoll (D:4)
  3 adders
  2 oozes
  2 worms (D:2)
  A dart slug (D:2)
  A leopard gecko (D:4)
  3 orcs (D:4)
  5 goblins
  7 hobgoblins
  3 jackals (D:1)
  3 kobolds
  A quokka (D:3)
  A ball python (D:1)
  7 bats
  4 frilled lizards
  A leopard gecko skeleton (D:4)
  3 rats
49 creatures vanquished.

Notes
Turn   | Place    | Note
-------+----------+-------------------------------------------
     0 | D:1      | fly the Deep Dwarf Necromancer began the quest for the Orb.
     0 | D:1      | Reached XP level 1. HP: 15/15 MP: 3/3
   383 | D:1      | Reached XP level 2. HP: 19/22 MP: 3/5
  1253 | D:2      | Found a blossoming altar of Fedhas.
  1360 | D:2      | Reached XP level 3. HP: 20/28 MP: 0/7
  1430 | D:2      | Learned a level 3 spell: Vampiric Draining
  1890 | D:2      | Reached skill level 5 in Necromancy
  2292 | D:3      | Noticed Natasha
  2381 | D:3      | Noticed a two-headed ogre
  2411 | D:4      | Reached XP level 4. HP: 31/36 MP: 3/8
  2767 | D:4      | Found a stormy altar of Qazlal.
  2813 | D:4      | Reached skill level 6 in Necromancy
  2814 | D:4      | Slain by a gnoll

Skill      XL: |  1  2  3  4 |
---------------+-------------+-----
Spellcasting   | 2 3 |  3.0
Necromancy     | 5 6 |  6.0
Dodging        | |  2.1
Stealth        | |  2.4

Action                   |  1- 3 |  4- 6 || total
-------------------------+-------+-------++-------
Melee: Unarmed           |     3 |     7 ||    10
       Trident           |       |     4 ||     4
 Cast: Pain              |    81 |    16 ||    97
       Vampiric Draining |     1 |     6 ||     7
  Use: Scroll            |     1 |     4 ||     5
       Potion            |       |     2 ||     2
  Eat: Chunk             |     5 |     2 ||     7
Armor: Robe              |     4 |    18 ||    22
       Skin              |     3 |       ||     3
Dodge: Dodged            |    39 |    30 ||    69
